 Dungeon Crawl Stone Soup version 0.19.0-19-g8c6edcc (webtiles) character file.

175 cedor the Poker (level 5, -1/41 HPs)
             Began as a Demonspawn Monk on Nov 13, 2016.
             Was a Believer of Dithmenos.
             Slain by a killer bee zombie (5 damage)
             ... on level 5 of the Dungeon.
             The game lasted 00:10:31 (1719 turns).

cedor the Poker (Demonspawn Monk)                   Turns: 1719, Time: 00:10:31

Health: -1/41      AC:  6    Str: 12    XL:     5   Next: 29%
Magic:  15/15      EV:  9    Int: 12    God:    Dithmenos [**....]
Gold:   141        SH:  7    Dex: 15    Spells: 0 memorised, 4 levels left

rFire  . . .     SeeInvis .     a - +1 spear
rCold  . . .     Gourm    .     j - +0 scale mail
rNeg   . . .     Faith    .     i - +2 buckler
rPois  .         Spirit   .     (helmet restricted)
rElec  .         Reflect  .     (no cloak)
rCorr  .         Harm     .     (no gloves)
MR     .....                    (no boots)
Stlth  ++........               (no amulet)
                                f - ring of magical power
                                (no ring)

@: exhausted, wreathed by umbra
A: antennae 1, demonic guardian 2, nightstalker 1
a: Shadow Step, Renounce Religion


You were on level 5 of the Dungeon.
You worshipped Dithmenos.
Dithmenos was pleased with you.
You were not hungry.

You visited 1 branch of the dungeon, and saw 5 of its levels.

You collected 141 gold pieces.


Innate Abilities, Weirdness & Mutations

You have a pair of small antennae on your head.
A demonic guardian rushes to your aid.
You are slightly more attuned to the shadows.


   Skills:
 - Level 3.0 Fighting
 + Level 4.0 Polearms
 - Level 2.6 Dodging
 - Level 1.7 Stealth
 * Level 3.1 Shields
 + Level 1.8 Invocations


You had 4 spell levels left.
You didn't know any spells.

Inventory:

Hand Weapons
 a - a +1 spear (weapon)
Missiles
 e - 86 stones (quivered)
Armour
 b - a +0 robe
 i - a +2 buckler (worn)
 j - a +0 scale mail (worn)
 n - a +0 shield
Jewellery
 f - a ring of magical power (right hand)
Scrolls
 d - a scroll of identify {unknown}
 g - a scroll of enchant weapon
 h - a scroll of teleportation {unknown}
 m - 2 scrolls of remove curse {unknown}
 o - a scroll of enchant armour {unknown}
Comestibles
 c - 2 bread rations
 k - a meat ration
 p - 5 chunks of flesh

Dungeon Overview and Level Annotations

Branches:
Dungeon (5/15)
 Temple: D:4-7

Altars:
Dithmenos
Vehumet
The Shining One

Annotations:
D:4 Philosophy's ghost, novice CeHu

▒▒.▒▒▒▒.▒▒▒†......
▒▒.<▒ ▒.▒ ▒{▒▒▒▒▒.
▒..▒▒ ▒..▒ ▒...▒
.>....▒▒ ...▒
▒▒▒.▒▒ ▒▒▒▒..
{..... ▒▒▒..▒ ...£
▒..▒Y...▒ ▒▒...
▒▒.▒.▒▒▒▒ ▒..▒
..▒##3Z▒ ▒..
_....Z6▒ .(▒..▒▒▒
. ▒▒. .% .. ▒▒


You could see a sky beast, a killer bee zombie, a bullfrog skeleton and a
friendly smoke demon.


Message History

The adder bites you but does no damage. Something hits your sixfirhy.
Something shocks your sixfirhy.
A killer bee zombie comes into view.
You see here 6 gold pieces.
You block the adder's attack.
The killer bee zombie hits you but does no damage.
The killer bee zombie closely misses you.
The adder bites you but does no damage.
Your sixfirhy barely misses the adder.
Your sixfirhy hits the adder!
The adder dies!
Dithmenos accepts your kill.
The killer bee zombie barely misses you.
You block the killer bee zombie's attack.
The killer bee zombie hits you.
* * * LOW HITPOINT WARNING * * *
Found 17 bolts.
A bullfrog skeleton comes into view.
The killer bee zombie hits you but does no damage.
A sky beast appears from thin air!
Reactivating autopickup.
The killer bee zombie barely misses you.
Found a beef jerky.
Found a radiant altar of Vehumet.
The killer bee zombie hits you.
* * * LOW HITPOINT WARNING * * *
Your smoke demon gestures at the bullfrog skeleton.
The ball of steam hits the bullfrog skeleton.
You feel yourself speed up.
The bullfrog skeleton is engulfed in a cloud of scalding steam.
The killer bee zombie hits you.
You die...

Action                   |  1- 3 |  4- 6 || total
-------------------------+-------+-------++-------
Melee: Spear             |   145 |    49 ||   194
  Use: Potion            |       |     1 ||     1
       Scroll            |       |     1 ||     1
 Stab: Sleeping          |     3 |     1 ||     4
  Eat: Meat ration       |     1 |       ||     1
Armor: Robe              |     4 |       ||     4
       Scale mail        |    24 |     7 ||    31
Dodge: Dodged            |    44 |    13 ||    57
Block: Buckler           |    19 |    10 ||    29

Vault maps used:
D:1:      lightli_arrival_noodles
D:2:      cheibriados_altar_1, first_bread, uniq_iyjb
D:3:      lemuel_coloured_pillars_altar, lemuel_doored_altar,
          gammafunk_temple_overflow_elements
D:4:      lightli_minifort
D:5:      vehumet_crystals, zin_angel, serial_shops, shop, serial_undead,
          serial_undead_c, serial_undead_e, serial_undead_d, serial_undead_a

Notes
Turn   | Place    | Note
-------+----------+-------------------------------------------
     0 | D:1      | cedor the Demonspawn Monk began the quest for the Orb.
     0 | D:1      | Reached XP level 1. HP: 18/18 MP: 1/1
   208 | D:2      | Reached skill level 3 in Polearms
   235 | D:2      | Gained mutation: You are slightly more attuned to the shadows. [demonic ancestry]
   235 | D:2      | Reached XP level 2. HP: 15/24 MP: 2/2
   454 | D:3      | Reached skill level 1 in Shields
   454 | D:3      | Gained mutation: You have a pair of small antennae on your head. [demonic ancestry]
   454 | D:3      | Reached XP level 3. HP: 9/29 MP: 3/3
  1054 | D:3      | Found a glowing golden altar of the Shining One.
  1054 | D:3      | Found a shadowy altar of Dithmenos.
  1057 | D:3      | Became a worshipper of Dithmenos the Shadowed
  1057 | D:3      | Reached * piety under Dithmenos
  1057 | D:3      | Reached ** piety under Dithmenos
  1309 | D:3      | Reached skill level 2 in Shields
  1309 | D:3      | Gained mutation: A weak demonic guardian rushes to your aid. [demonic ancestry]
  1309 | D:3      | Reached XP level 4. HP: 19/35 MP: 4/4
  1638 | D:4      | Reached skill level 1 in Invocations
  1664 | D:4      | Noticed a gnoll sergeant
  1680 | D:4      | Noticed Philosophy's ghost (novice CeHu)
  1685 | D:5      | Entered Level 5 of the Dungeon
  1691 | D:5      | HP: 3/35 [howler monkey (2)]
  1694 | D:5      | Reached skill level 4 in Polearms
  1694 | D:5      | Gained mutation: A demonic guardian rushes to your aid. [demonic ancestry]
  1694 | D:5      | Reached XP level 5. HP: 6/41 MP: 6/6
  1701 | D:5      | Noticed a sky beast
  1710 | D:5      | Reached skill level 3 in Shields
  1716 | D:5      | HP: 4/41 [killer bee zombie (3)]
  1717 | D:5      | Found a radiant altar of Vehumet.
  1719 | D:5      | Slain by a killer bee zombie

Vanquished Creatures
  2 howler monkeys
  An adder (D:3)
  4 gnolls
  3 worms
  2 giant cockroaches (D:3)
  A goblin (D:2)
  2 hobgoblins
  2 kobolds (D:3)
  2 quokkas
  2 bats
  2 frilled lizards
  3 rats (D:3)
26 creatures vanquished.

Vanquished Creatures (collateral kills)
  A centaur zombie (D:5)
  An adder (D:5)
2 creatures vanquished.

Grand Total: 28 creatures vanquished
